[Event "14th BPB Limburg Open 2022"]
[Site "Maastricht"]
[Date "2022.06.04"]
[Round "3.4"]
[White "Kopylov, Daniel"]
[Black "Donchenko, Alexander"]
[Result "0-1"]
[ECO "B90"]
[WhiteElo "2292"]
[BlackElo "2599"]
[Annotator "TA"]
[PlyCount "28"]
[EventDate "2022.06.03"]
[EventType "swiss"]
[EventCountry "NED"]
[SourceTitle "playchess.com"]
[Source "ChessBase"]
[SourceQuality "1"]
[TimeControl "7200+15"]

1. e4 c5 2. Nf3 d6 3. d4 cxd4 4. Nxd4 Nf6 5. Nc3 a6 6. Be3 e5 7. Nf3 Be7 8. Bc4 Be6 9. Bb3 {[%emt 0:01:10] B90: Sicilian Najdorf: Unusual White 6th moves, 6 Be3 Ng4 and 6 Be3 e5.} Nbd7 $1 {[%emt 0:00:19][%mdl 4] is currently scoring better than 9...0-0.} 10. O-O Rc8 {[%emt 0:00:20] [#]} 11. Ng5 $146 ({Predecessor:} 11. Nh4 Nc5 12. Bxc5 Rxc5 13. Re1 Qd7 14. g3 O-O 15. Ng2 Bd8 16. Qd3 Ba5 17. Rad1 {0-1 (38) Karjakin,S (2754)-Giri,A (2776) Bucharest 2019}) 11... Bc4 12. Bxc4 Rxc4 13. Qd3 Qc7 14. Nf3 O-O {[%emt 0:02:29][%mdl 32768] Weighted Error Value: White=0.03 (flawless) /Black=0.04 (flawless) . Sensor Board Error (Ke4/e5)?} 0-1

[Event "14th BPB Limburg Open 2022"]
[Site "Maastricht"]
[Date "2022.06.04"]
[Round "3.5"]
[White "Muetsch, Annmarie"]
[Black "Dardha, Daniel"]
[Result "0-1"]
[WhiteElo "2275"]
[BlackElo "2561"]
[Annotator "TA"]
[PlyCount "32"]
[EventDate "2022.06.03"]
[EventType "swiss"]
[EventCountry "NED"]
[SourceTitle "playchess.com"]
[Source "ChessBase"]
[SourceQuality "1"]
[TimeControl "7200+15"]

1. e4 c5 2. Nc3 d6 3. d4 cxd4 4. Qxd4 Nf6 5. b3 Nc6 {[%emt 0:04:34] The position is equal.} 6. Qd2 {[%emt 0:00:11] B23: Closed Sicilian: Lines without g3.} e6 7. Bb2 Be7 {[%emt 0:01:43] 7...d5 injects fresh life into this line.} 8. O-O-O O-O 9. Kb1 a6 {[%emt 0:02:58][%mdl 32768] [#] A rather calm draw.  Weighted Error Value: White=0.03 (flawless) /Black=0.02 (flawless) . Loss on time!?} {Predecessor:} 10. g4 $146 d5 11. exd5 exd5 12. g5 Ne4 13. Nxe4 dxe4 14. Qe1 Bb4 15. Rxd8 Bxe1 16. Rxf8+ Kxf8 {½-½ (29) Andreikin,D (2702)-Zhao,J (2601) China 2018} 0-1

[Event "14th BPB Limburg Open 2022"]
[Site "Maastricht"]
[Date "2022.06.04"]
[Round "3.6"]
[White "Sankalp Gupta"]
[Black "Van Roon, Sjoerd"]
[Result "1/2-1/2"]
[ECO "D00"]
[WhiteElo "2505"]
[BlackElo "2264"]
[Annotator "TA"]
[PlyCount "25"]
[EventDate "2022.06.03"]
[EventType "swiss"]
[EventCountry "NED"]
[SourceTitle "playchess.com"]
[Source "ChessBase"]
[SourceQuality "1"]
[TimeControl "7200+15"]

1. d4 d5 2. Nc3 Nf6 3. Bf4 e6 4. Nb5 Na6 5. e3 c6 6. Nc3 {[%emt 0:00:03] D00: 1 d4 d5: Unusual lines.} Nc7 7. Nf3 b6 8. Ne5 Bb7 9. Qf3 ({White should try} 9. Bd3 $14) 9... Be7 {[%emt 1:52:49] [#]} (9... Bb4 $11) 10. g4 $146 {[%emt 0:00:52][%cal Bg2g4,Bg4g5][%mdl 32] g5 is the strong threat.} ({Predecessor:} 10. O-O-O O-O 11. g4 c5 12. Qg3 Rc8 13. f3 cxd4 14. exd4 b5 15. h4 b4 16. Ne2 {1-0 (28) Gelman,A (2403)-Lopez Gonzalez,D (2193) Chess.com INT 2021}) 10... O-O 11. g5 Nd7 {[%emt 0:04:19] [#]} 12. Nxd7 {[%emt 0:01:23] 0x0.001e61690920dp-1022s more active pieces.} (12. Bd3 $1 $16) 12... Qxd7 $14 13. h4 {[%emt 0:00:06] Weighted Error Value: White=0.27 (precise) /Black=0.36} (13. O-O-O $14) 1/2-1/2

[Event "14th BPB Limburg Open 2022"]
[Site "Maastricht"]
[Date "2022.06.04"]
[Round "3.7"]
[White "Braun, Christian"]
[Black "Rebers, Eugene"]
[Result "1/2-1/2"]
[ECO "A05"]
[WhiteElo "2426"]
[BlackElo "2194"]
[Annotator "TA"]
[PlyCount "23"]
[EventDate "2022.06.03"]
[EventType "swiss"]
[EventCountry "NED"]
[SourceTitle "playchess.com"]
[Source "ChessBase"]
[SourceQuality "1"]
[TimeControl "7200+15"]

1. e4 c5 2. Nf3 g6 3. d3 Bg7 4. g3 Nc6 5. Bg2 d6 6. O-O Nf6 7. Re1 $1 {[%emt 0:00:24][%mdl 4] now scores much better than the old 7.c3.} Bg4 {[%emt 0:04:26] A05: Réti Opening: 1 Nf3 Nf6.} 8. h3 Bxf3 9. Bxf3 Nd7 10. Nd2 O-O 11. Bg2 {[%emt 0:05:51] [#]} Rc8 $146 ({Predecessor:} 11... Rb8 12. a4 a6 {½-½ (12) Bajarani,I (2311)-Vorontsov,P (2389) Kiev 2015}) 12. h4 {[%emt 0:02:06] Black got outplayed after the opening.  Weighted Error Value: White=0.10 (very precise) /Black=0.15 (very precise)} 1/2-1/2

[Event "14th BPB Limburg Open 2022"]
[Site "Maastricht"]
[Date "2022.06.04"]
[Round "3.8"]
[White "Jansen, Bob"]
[Black "Lahaye, Rick"]
[Result "0-1"]
[WhiteElo "2174"]
[BlackElo "2410"]
[Annotator "TA"]
[PlyCount "28"]
[EventDate "2022.06.03"]
[EventType "swiss"]
[EventCountry "NED"]
[SourceTitle "playchess.com"]
[Source "ChessBase"]
[SourceQuality "1"]
[TimeControl "7200+15"]

1. d4 d5 2. Nc3 Nf6 3. Bf4 e6 4. Nb5 Na6 5. e3 Bb4+ 6. c3 {[%emt 0:08:46] D00: 1 d4 d5: Unusual lines.} Be7 7. Nf3 {[%emt 0:06:40][%mdl 32768] [#] A rather calm draw. Loss on time!?} {Predecessor:} Nh5 $146 8. Ne5 Nxf4 9. exf4 c6 10. Na3 Bxa3 11. bxa3 Qa5 12. Qb3 O-O 13. Bd3 c5 14. Bxa6 bxa6 {0-1 (38) Gelman,A (2403)-Harutjunyan,G (2442) Chess.com INT 2021} 0-1

[Event "14th BPB Limburg Open 2022"]
[Site "Maastricht"]
[Date "2022.06.04"]
[Round "3.9"]
[White "Roebers, Eline"]
[Black "Tabak, Stefan"]
[Result "1-0"]
[ECO "B32"]
[WhiteElo "2369"]
[BlackElo "2160"]
[Annotator "TA"]
[PlyCount "28"]
[EventDate "2022.06.03"]
[EventType "swiss"]
[EventCountry "NED"]
[SourceTitle "playchess.com"]
[Source "ChessBase"]
[SourceQuality "1"]
[TimeControl "7200+15"]

1. e4 c5 2. Nf3 Nc6 3. d4 cxd4 4. Nxd4 e5 5. Nb5 d6 6. N1c3 a6 7. Na3 Be6 8. Nc4 Rb8 {[%emt 0:00:06] B32: Sicilian: Löwenthal and Kalashnikov Variations.} 9. a4 Nb4 {[%emt 0:00:13] 9...Nf6 is the fancy move.} 10. Nd5 Nxd5 {[%emt 0:00:29] The position is equal.} (10... Bxd5 $5 11. exd5 Nf6 $14) 11. exd5 {[%emt 0:00:05] [#]} Bd7 $146 ({Predecessor:} 11... Bf5 12. Be3 Nf6 13. Be2 g6 14. O-O Bg7 15. Nb6 Nd7 16. a5 Nxb6 17. axb6 O-O {1-0 (42) Sohier,J (2253)-Arnold,K (1804) Paleochora 2020}) 12. Be3 b5 13. axb5 axb5 {[%emt 0:00:04] [#]} 14. Na5 {[%emt 0:05:55] Threatens to win with Nc6. White is much more active.} Nf6 {[%emt 0:04:55] Weighted Error Value: White=0.05 (flawless) /Black=0.11 (very precise)} (14... Ne7 $14) 1-0

[Event "14th BPB Limburg Open 2022"]
[Site "Maastricht"]
[Date "2022.06.04"]
[Round "3.10"]
[White "Bruil, Rembrandt"]
[Black "De Rover, Yong Hoon"]
[Result "1/2-1/2"]
[ECO "E12"]
[WhiteElo "2122"]
[BlackElo "2365"]
[Annotator "TA"]
[PlyCount "24"]
[EventDate "2022.06.03"]
[EventType "swiss"]
[EventCountry "NED"]
[SourceTitle "playchess.com"]
[Source "ChessBase"]
[SourceQuality "1"]
[TimeControl "7200+15"]

1. d4 Nf6 2. c4 e6 3. Nf3 b6 4. a3 Bb7 5. Nc3 d5 6. Bg5 Be7 7. Qa4+ Qd7 (7... c6 {is more complex.} 8. e3 O-O 9. cxd5 Nxd5 10. Nxd5 exd5 11. Bxe7 Qxe7 12. Be2 Nd7) 8. Qxd7+ {[%emt 0:06:38] E12: Queen's Indian: Unusual White 4th moves, 4 a3, 4 Nc3 Bb7 5 a3 and 4 Nc3 Bb7 .} (8. Qc2 {feels hotter.} O-O 9. e3 c5 10. dxc5 bxc5 11. cxd5 exd5 12. Bd3) 8... Nbxd7 9. e3 a6 10. cxd5 Nxd5 11. Nxd5 Bxd5 {[%emt 0:00:52] [#]} 12. Bxe7 $146 ({Predecessor:} 12. Bf4 c5 13. Be2 cxd4 14. exd4 O-O 15. Rc1 Rfc8 16. O-O b5 17. Ne5 Nb6 18. Nd3 {½-½ (61) Rustemov,A (2539)-Kramnik,V (2751) ICC INT 1999}) 12... Kxe7 {[%emt 0:00:37] White got outplayed after the opening.  Weighted Error Value: White=0.12 (very precise) /Black=0.09 (flawless)} 1/2-1/2

[Event "14th BPB Limburg Open 2022"]
[Site "Maastricht"]
[Date "2022.06.04"]
[Round "3.11"]
[White "Nemegeer, Arne"]
[Black "Lenaerts, Lennert"]
[Result "0-1"]
[ECO "C00"]
[WhiteElo "2149"]
[BlackElo "2362"]
[Annotator "TA"]
[PlyCount "24"]
[EventDate "2022.06.03"]
[EventType "swiss"]
[EventCountry "NED"]
[SourceTitle "playchess.com"]
[Source "ChessBase"]
[SourceQuality "1"]
[TimeControl "7200+15"]

1. e4 c5 2. Nf3 e6 3. g3 Nc6 4. Bg2 Nf6 5. Qe2 e5 6. O-O d6 7. c3 Be7 8. d3 O-O 9. Na3 {[%emt 0:01:23][%cal Bb1a3,Ba3c4,Bc4e3][%mdl 32] C00: French: Unusual White 2nd moves.} Re8 10. Nc4 Bf8 11. Ne3 g6 {[%emt 0:07:43] [#]} 12. Ne1 $146 ({Predecessor:} 12. a3 Bg7 13. b4 h6 14. Rb1 Rb8 15. Bb2 b5 16. Rfd1 Bb7 17. a4 bxa4 18. bxc5 dxc5 {½-½ (26) Gagare,S (2481)-Kryakvin,D (2592) Caleta 2020}) 12... Bg7 {[%emt 0:02:46][%mdl 32768] A rather calm draw.  Weighted Error Value: White=0.17 (very precise) /Black=0.10 (very precise) . Loss on time!?} 0-1

[Event "14th BPB Limburg Open 2022"]
[Site "Maastricht"]
[Date "2022.06.04"]
[Round "3.12"]
[White "Suvorov, Alexander"]
[Black "Arndt, Stefan"]
[Result "1-0"]
[ECO "D36"]
[WhiteElo "2365"]
[BlackElo "2138"]
[Annotator "TA"]
[PlyCount "39"]
[EventDate "2022.06.03"]
[EventType "swiss"]
[EventCountry "NED"]
[SourceTitle "playchess.com"]
[Source "ChessBase"]
[SourceQuality "1"]
[TimeControl "7200+15"]

1. d4 d5 2. c4 e6 3. Nc3 Nf6 4. cxd5 exd5 5. Bg5 Be7 6. e3 O-O 7. Bd3 Re8 8. Nge2 c6 9. O-O Nbd7 10. Qc2 Nf8 11. f3 g6 {now scores much better than the old 11...Be6.} 12. Rad1 Ne6 {[%emt 1:55:11] D36: Queen's Gambit Declined: Exchange Variation: Main line (5 Bg5 c6 6 Qc2).} 13. Bh4 {[%emt 0:00:00][%mdl 32768] [#] Not much happened in this game. Loss on time!?} {Predecessor:} b5 $146 14. Kh1 Bb7 15. Bf2 Rc8 16. Nf4 Nxf4 17. exf4 Bd6 18. Ne2 Nh5 19. f5 Qc7 20. g3 {½-½ (73) Nepomniachtchi,I (2784)-Radjabov,T (2765) chess24.com INT 2020} 1-0

[Event "14th BPB Limburg Open 2022"]
[Site "Maastricht"]
[Date "2022.06.04"]
[Round "3.13"]
[White "Marciano, Orry M"]
[Black "Freeke, Matthieu"]
[Result "0-1"]
[ECO "E04"]
[WhiteElo "1781"]
[BlackElo "2347"]
[Annotator "TA"]
[PlyCount "26"]
[EventDate "2022.06.03"]
[EventType "swiss"]
[EventCountry "NED"]
[SourceTitle "playchess.com"]
[Source "ChessBase"]
[SourceQuality "1"]
[TimeControl "7200+15"]

1. Nf3 d5 2. g3 c5 3. Bg2 Nc6 4. d4 e6 5. O-O Nf6 6. c4 dxc4 7. dxc5 Qxd1 8. Rxd1 Bxc5 9. Nbd2 c3 10. bxc3 O-O 11. Nb3 Be7 12. c4 Bd7 13. Be3 {[%emt 0:00:41] [#] E04: Open Catalan: 5 Nf3.} b6 $146 {[%emt 0:11:55][%mdl 32768] A rather calm draw. Loss on time!?} ({Predecessor:} 13... Rfc8 14. Rac1 Be8 15. Nfd4 Ng4 16. Nxc6 Bxc6 17. Bxc6 Rxc6 18. Rd7 Ba3 19. Rc3 b6 20. Nd4 Rd6 21. Rxd6 Bxd6 {½-½ (58) Gormally,D (2479)-Paravyan,D (2629) Chess.com INT 2021}) 0-1

[Event "14th BPB Limburg Open 2022"]
[Site "Maastricht"]
[Date "2022.06.04"]
[Round "3.14"]
[White "Van Dael, Siem"]
[Black "Roorda, Thijs"]
[Result "1-0"]
[ECO "C13"]
[WhiteElo "2342"]
[BlackElo "2097"]
[Annotator "TA"]
[PlyCount "26"]
[EventDate "2022.06.03"]
[EventType "swiss"]
[EventCountry "NED"]
[SourceTitle "playchess.com"]
[Source "ChessBase"]
[SourceQuality "1"]
[TimeControl "7200+15"]

1. e4 e6 2. d4 d5 3. Nc3 Nf6 4. Bg5 dxe4 5. Nxe4 Be7 6. Bxf6 gxf6 7. Nf3 f5 8. Nc3 Bf6 9. Qd2 {[%emt 0:03:02] C13: French: Classical System: 4 Bg5 Be7, Alekhine-Chatard Attack.} c6 10. O-O-O Nd7 {[%emt 0:02:24] [#]} 11. h3 $146 {[%emt 0:03:16] White is more active.} ({White should play} 11. Qh6 $16) ({Predecessor:} 11. Kb1 b6 12. Bd3 Bb7 13. Qh6 Qc7 14. Bxf5 exf5 15. Rhe1+ Kd8 16. Ne5 Bxe5 17. dxe5 {1-0 (30) Graf,F (2478)-Getz,N (2367) Fagernes 2015}) 11... h5 12. Kb1 Nb6 13. Bd3 Bg7 {[%emt 0:04:51] Weighted Error Value: White=0.11 (very precise) /Black=0.26 (precise)} 1-0

[Event "14th BPB Limburg Open 2022"]
[Site "Maastricht"]
[Date "2022.06.05"]
[Round "4.1"]
[White "Van Foreest, Lucas"]
[Black "Gurevich, Mikhail"]
[Result "1/2-1/2"]
[ECO "A84"]
[WhiteElo "2572"]
[BlackElo "2573"]
[Annotator "TA"]
[PlyCount "66"]
[EventDate "2022.06.03"]
[EventType "swiss"]
[EventCountry "NED"]
[SourceTitle "playchess.com"]
[Source "ChessBase"]
[SourceQuality "1"]
[TimeControl "7200+15"]

1. d4 f5 2. c4 d6 3. Nf3 Nf6 4. e3 g6 5. Be2 Bg7 6. b4 {[%emt 0:00:03] A84: Dutch Defence: 2 c4 Miscellaneous.} e5 7. dxe5 {[%emt 0:00:21] [#]} dxe5 $146 ({Predecessor:} 7... Ng4 8. Nc3 Nc6 9. Bb2 Ngxe5 10. Nxe5 Nxe5 11. Qc2 Be6 12. Nb5 O-O 13. O-O c6 {½-½ (45) Jumabayev,R (2609)-Maghsoodloo,P (2673) Astana 2019}) 8. Qxd8+ {[%emt 0:00:28] White is slightly better.} (8. Nxe5 $2 Qxd1+ 9. Kxd1 Ng4 $19) 8... Kxd8 9. Bb2 ({Avoid the trap} 9. Nxe5 $2 Nfd7 10. Bb2 Bxe5 $19) 9... e4 10. Nd4 Na6 11. Nc2 c5 12. b5 Nc7 13. f3 b6 (13... Ke7 $142) 14. a4 Bb7 15. f4 a5 16. Nd2 (16. bxa6 $5 Rxa6 17. g4 $11) 16... Ke7 {[%emt 0:01:55] Black is slightly better.} 17. h3 h5 18. h4 Rhd8 19. O-O-O Bc8 20. Nb1 Be6 21. Rxd8 Rxd8 22. Rd1 Rxd1+ (22... Rc8 {is interesting.} 23. Nc3 Nfe8 24. g3 Bf6) 23. Kxd1 Nce8 24. Nd2 Nd6 25. Ke1 Kf7 26. g3 ({But not} 26. Be5 Bf8 $17) 26... Nd7 27. Bxg7 Kxg7 28. Na3 Kf7 29. Kf2 Nf6 30. Kg2 Ke7 31. Kg1 Kd8 32. Kg2 Kd7 33. Kg1 Ke7 {[%emt 0:00:19] Weighted Error Value: White=0.08 (flawless) /Black=0.05 (flawless)} 1/2-1/2

[Event "14th BPB Limburg Open 2022"]
[Site "Maastricht"]
[Date "2022.06.05"]
[Round "4.2"]
[White "Lenaerts, Lennert"]
[Black "Warmerdam, Max"]
[Result "0-1"]
[ECO "B52"]
[WhiteElo "2362"]
[BlackElo "2614"]
[Annotator "TA"]
[PlyCount "78"]
[EventDate "2022.06.03"]
[EventType "swiss"]
[EventCountry "NED"]
[SourceTitle "playchess.com"]
[Source "ChessBase"]
[SourceQuality "1"]
[TimeControl "7200+15"]

1. e4 c5 2. Nf3 d6 3. Bb5+ Bd7 4. Bxd7+ Nxd7 5. O-O e6 6. d4 cxd4 7. Nxd4 Ngf6 8. Qe2 Be7 9. c4 a6 {[%emt 0:01:13] B52: Sicilian: Moscow Variation with 3...Bd7.} 10. Nc3 Rc8 11. a4 Qa5 {[%emt 0:02:53] The position is equal.} 12. Nc2 {[%emt 0:15:51] [#]} Ne5 $146 ({Predecessor:} 12... O-O 13. Bd2 Qc7 14. b3 Rfe8 15. Rfe1 Nc5 16. Rab1 b6 17. Nd4 Nfd7 18. Be3 Nf6 19. Bd2 Nfd7 {½-½ (19) Skripchenko,A (2498)-Van der Wiel,J (2501) Wijk aan Zee 2002}) 13. Ne3 $1 O-O (13... Qb6 $15) 14. Bd2 $11 Qc5 15. b3 Bd8 16. Nc2 Ba5 17. Rab1 Rfe8 18. Rfe1 Qc7 19. h3 Nfd7 20. f4 Nc6 21. Kh1 Qb8 22. Qf3 Nb4 23. Ne3 Qc7 24. Red1 Nc5 (24... Nc6 $11) 25. f5 $16 Qd8 (25... Qe7 $142) 26. Ng4 {[%emt 0:01:50] And now f6 would win.} f6 27. fxe6 Nxe6 28. Qg3 Kh8 29. Nd5 Nxd5 30. Bxa5 ({Much worse is} 30. cxd5 $6 Ng5 31. Bxg5 fxg5 $11) (30. exd5 $6 Bxd2 31. dxe6 (31. Rxd2 Nc5 $11) 31... Bb4 $11) 30... Qxa5 31. Rxd5 (31. exd5 $16 Nc5 32. Qxd6) 31... Nc5 {[%emt 0:02:06] [#]} (31... Qc7 $11 {keeps the balance.}) 32. Nf2 ({White must play} 32. e5 $1 $16) 32... Qb4 33. Qxd6 h6 34. Qf4 (34. Kh2 $14) 34... Nxe4 $11 {[%emt 0:00:34] White must now prevent ...Nc3.} (34... Nxb3 $2 35. Rd3 $18) 35. Ng4 ({Of course not} 35. Nxe4 Rxc4 36. bxc4 Qxb1+ 37. Kh2 Qxe4 38. Qxe4 Rxe4 $17) (35. Nd3 $11 Qc3 36. Kh2) 35... Rc5 ({Better is} 35... Rxc4 $1 $15 36. Kh2 Nc3 37. Qxc4 Qxc4 38. bxc4 Nxb1) 36. Rxc5 ({White should try} 36. Rd7 $11) 36... Qxc5 $15 37. Re1 f5 {[%emt 0:00:49] ...g5 is the strong threat. Black is more active.} 38. Re3 $2 ({White should play} 38. Ne3 $15) 38... g5 $19 39. Qf1 {[%emt 0:00:01] [#]} Qxe3 $3 {[%emt 0:00:03][%mdl 512] Weighted Error Value: White=0.39/Black=0.18 (very precise)} 0-1

[Event "14th BPB Limburg Open 2022"]
[Site "Maastricht"]
[Date "2022.06.05"]
[Round "4.3"]
[White "Donchenko, Alexander"]
[Black "Roebers, Eline"]
[Result "1-0"]
[ECO "D30"]
[WhiteElo "2599"]
[BlackElo "2369"]
[Annotator "TA"]
[PlyCount "47"]
[EventDate "2022.06.03"]
[EventType "swiss"]
[EventCountry "NED"]
[SourceTitle "playchess.com"]
[Source "ChessBase"]
[SourceQuality "1"]
[TimeControl "7200+15"]

1. d4 d5 2. c4 c6 3. Nf3 Nf6 4. e3 e6 5. Bd3 dxc4 6. Bxc4 Nbd7 7. O-O Bd6 {[%emt 0:01:20] The main line 7...Bd6 scores better than 7...b5.} 8. Nbd2 {[%emt 0:07:33] D30: Queen's Gambit Declined: Systems without Nc3.} b5 ({Black should play} 8... O-O $11) 9. Bd3 $14 {[%emt 0:04:40] [#]} Qc7 $146 ({Predecessor:} 9... Bb7 10. e4 e5 11. dxe5 Nxe5 12. Nxe5 Bxe5 13. Bc2 c5 14. Nb3 Nd7 15. f4 c4 {½-½ (15) Chiburdanidze,M (2500)-Korbut,E (2443) Kemer 2007}) 10. a4 {[%emt 0:07:03] White is better.} Bb7 11. axb5 cxb5 12. e4 {[%emt 0:06:24] [#] Strongly threatening e5.} Be7 13. Bxb5 O-O 14. Qe2 Rfd8 15. b3 a6 16. Bd3 ({Wrong is} 16. Bxa6 $2 Nb8 17. e5 (17. Bxb7 $2 Rxa1 18. e5 Ne8 $19) 17... Ne8 $19) 16... Nb8 17. Bb2 Qb6 (17... Nc6 $142 18. Rfc1 (18. Bxa6 Bxa6 19. Rxa6 Rxa6 $16) 18... Qb6) 18. Nc4 $18 Qxb3 {[%emt 0:02:07] [#]} (18... Qc7 19. Na5 Nc6) 19. Rfb1 {[%emt 0:01:47] White is clearly winning.} Qb5 20. Ba3 Qd7 21. Nce5 Qc7 22. Rc1 Nc6 23. Bxe7 Qxe7 24. Nxc6 {[%emt 0:00:08] White took control after the opening.  Weighted Error Value: White=0.05 (flawless) /Black=0.51} 1-0

[Event "14th BPB Limburg Open 2022"]
[Site "Maastricht"]
[Date "2022.06.05"]
[Round "4.4"]
[White "Dardha, Daniel"]
[Black "Suvorov, Alexander"]
[Result "1/2-1/2"]
[ECO "E60"]
[WhiteElo "2561"]
[BlackElo "2365"]
[Annotator "TA"]
[PlyCount "72"]
[EventDate "2022.06.03"]
[EventType "swiss"]
[EventCountry "NED"]
[SourceTitle "playchess.com"]
[Source "ChessBase"]
[SourceQuality "1"]
[TimeControl "7200+15"]

1. d4 Nf6 2. c4 g6 3. h4 Bg7 4. Nc3 d6 5. e4 Nc6 6. Nge2 {[%emt 0:01:46] E60: King's Indian: Unusual lines and Fianchetto Variation without Nc3.} O-O 7. f3 e5 {[%emt 0:02:54] [#] Threatens to win with ...exd4.} 8. d5 {[%emt 0:03:00] White is slightly better.} Nd4 9. Be3 $1 ({Don't play} 9. Nxd4 exd4 10. Ne2 (10. Qxd4 $2 Nxe4 11. Qxe4 Re8 $19) 10... Re8 $11) 9... Nxe2 {[%emt 0:13:38] [#]} 10. Nxe2 $146 ({Predecessor:} 10. Bxe2 Nh5 11. g4 Nf4 12. Rh2 f5 13. gxf5 gxf5 14. Qd2 fxe4 15. Nxe4 a6 16. O-O-O {1-0 (30) Pejovic,M-Perosevic,A (2188) Cetinje 2009}) 10... Nh5 11. g4 $1 Nf4 12. Qd2 f5 (12... h5 $1 $14) 13. gxf5 (13. exf5 $16 Nxe2 14. Bxe2 gxf5 15. O-O-O) 13... gxf5 $14 14. O-O-O ({Much weaker is} 14. Nxf4 exf4 15. Bd4 (15. Bxf4 fxe4 16. fxe4 Bg4 $15) 15... fxe4 $11) 14... Nxe2+ 15. Bxe2 f4 16. Bf2 b6 $1 {[%emt 0:01:11] Inhibits c5.} 17. Kb1 a5 18. Bf1 Bf6 {[%emt 0:02:06] The position is equal.} 19. Bh3 Bxh3 20. Rxh3 Kh8 21. Rg1 Qd7 22. Rh2 Rg8 23. Qd1 Rg7 24. Rxg7 Qxg7 25. Qf1 Qd7 26. Rg2 Rg8 27. Rxg8+ Kxg8 $11 {[%emt 0:00:02][%mdl 4096] Endgame KQB-KQB} 28. Qg2+ Kf7 29. h5 Qa4 {[%emt 0:01:42][%cal Ra4d1] [#]} 30. b3 Qb4 31. Qg4 {[%emt 0:02:50] White threatens Qe6+ and mate.} Qd2 32. Qe6+ Kg7 33. h6+ Kg6 34. Qf5+ Kf7 35. Bh4 {[%emt 0:01:23] Dancing on a razor blade.} Qd1+ 36. Kb2 Qd2+ {[%emt 0:00:14] Weighted Error Value: White=0.06 (flawless) /Black=0.06 (flawless)} 1/2-1/2

[Event "14th BPB Limburg Open 2022"]
[Site "Maastricht"]
[Date "2022.06.05"]
[Round "4.5"]
[White "Ernst, Sipke"]
[Black "Van Dael, Siem"]
[Result "1/2-1/2"]
[ECO "E97"]
[WhiteElo "2547"]
[BlackElo "2342"]
[Annotator "TA"]
[PlyCount "65"]
[EventDate "2022.06.03"]
[EventType "swiss"]
[EventCountry "NED"]
[SourceTitle "playchess.com"]
[Source "ChessBase"]
[SourceQuality "1"]
[TimeControl "7200+15"]

1. d4 Nf6 2. c4 g6 3. Nc3 Bg7 4. e4 d6 5. Nf3 O-O 6. Be2 e5 7. O-O Nc6 8. d5 Ne7 9. b4 a5 10. bxa5 Rxa5 11. a4 Nh5 {[%emt 0:01:44] 11...Ne8 is a critical line. E97: King's Indian: Classical Main Line (6...e5 7 0-0 Nc6): 8 Be3 and 8 d5 Ne7, not 9 Ne1.} 12. g3 f5 13. Ng5 Nf6 14. f3 h6 15. Ne6 Bxe6 16. dxe6 {[%emt 0:00:06] [#]} fxe4 $146 ({Black should play} 16... f4 $14) ({Predecessor:} 16... Nc6 17. Bd2 Ra8 18. Rb1 b6 19. Be3 f4 20. Bf2 Re8 21. Nd5 g5 22. c5 dxc5 {½-½ (35) Skok,B (2015)-Sajn,S (1942) Ljubljana 2012}) 17. fxe4 $16 Qc8 18. Rb1 ({Better is} 18. Bg4 $16) 18... b6 19. Bd2 {[%emt 0:10:18] White is more active.} Qxe6 {[%emt 0:06:58] [#]} 20. Nb5 {[%emt 0:12:22] Inhibits Ra7.} Rxb5 21. cxb5 $18 Nxe4 22. Qc2 $2 (22. Rxf8+ $18 Bxf8 23. Rc1) 22... Nxd2 {[%emt 0:02:40] Pair of Knights!} 23. Rxf8+ Kxf8 24. Qxd2 e4 {[%emt 0:01:31] [#]} (24... Nf5 $14) 25. Rf1+ (25. a5 $1 $16 bxa5 26. Qxa5) 25... Ke8 26. a5 (26. Kg2 $1 $14) 26... bxa5 $11 {[%emt 0:04:41] The position is equal.} 27. Qxa5 Nf5 $1 28. Rf4 ({Much weaker is} 28. Qxc7 Bd4+ 29. Rf2 (29. Kh1 $2 Nxg3+ 30. Kg2 Nxf1 $19) 29... d5 $15) 28... Bd4+ 29. Kg2 {[%emt 0:00:35] Black must now prevent Qa8+.} d5 $1 (29... Ne3+ $2 30. Kh1 Kd7 31. Qa8 $18) 30. Qa4 {[%emt 0:16:33] Threatens to win with b6+.} Bb6 {[%emt 0:04:08] ...g5 is the strong threat.} 31. Qa8+ Kd7 {[%emt 0:03:55] And now ...g5 would win.} 32. g4 {[%emt 0:05:16] Dancing on a razor blade.} Qe5 33. gxf5 {[%emt 0:00:07] Weighted Error Value: White=0.30/Black=0.15 (very precise)} 1/2-1/2